 Dungeon Crawl Stone Soup version 0.23-a0-49-gd9f7a49 (webtiles) character file.

44 Amnesiac the Magician (level 3, -2/24 HPs)
             Began as a Mummy Air Elementalist on Aug 7, 2018.
             Slain by a worker ant (7 damage)
             ... on level 4 of the Dungeon.
             The game lasted 00:04:40 (1108 turns).

Amnesiac the Magician (Mummy Air Elementalist)      Turns: 1108, Time: 00:04:41

Health: -2/24      AC:  6    Str: 15    XL:     3   Next: 39%
Magic:  7/7        EV: 11    Int: 15    God:
Gold:   51         SH:  0    Dex: 12    Spells: 7/8 levels left

rFire    x . .     SeeInvis .   a - +0 hunting sling
rCold    + . .     Gourm    .   (no shield)
rNeg     + + +     Faith    .   h - +0 ring mail
rPois    ∞         Spirit   .   (no helmet)
rElec    .         Reflect  .   (no cloak)
rCorr    .         Harm     .   l - +0 pair of gloves
MR       .....                  (no boots)
Stlth    +.........             (no amulet)
HPRegen  0.08/turn              f - +4 ring of strength
MPRegen  0.10/turn              (no ring)

@: no status effects
A: no food or potions, fire vulnerability, cold resistance 1, negative energy
resistance 3, torment resistance, unbreathing
a: no special abilities


You were on level 4 of the Dungeon.
You were not hungry.

You visited 1 branch of the dungeon, and saw 5 of its levels.

You collected 51 gold pieces.

Inventory:

Hand Weapons
 a - a +0 hunting sling (weapon)
 b - a +0 long sword
 j - a +0 battleaxe
Missiles
 c - 22 stones (quivered)
Armour
 h - a +0 ring mail (worn)
 l - a +0 pair of gloves (worn)
Jewellery
 f - a +4 ring of strength (left hand)
Scrolls
 d - a scroll of random uselessness {!r, unknown}
 e - 2 scrolls of amnesia {!r, unknown}
 i - a scroll of enchant weapon {!r, unknown}
 k - a scroll of remove curse {!r, unknown}


   Skills:
 - Level 1.5 Dodging
 - Level 1.5 Stealth
 + Level 3.4 Spellcasting
 - Level 0.7 Conjurations
 * Level 3.4 Air Magic


You had 7 spell levels left.
You knew the following spells:

 Your Spells              Type           Power        Failure   Level  Hunger
a - Shock                 Conj/Air       #...         17%         1    N/A

Your spell library contained the following spells:

 Spells                   Type           Power        Failure   Level  Hunger
 Lightning Bolt           Conj/Air       #.........   99%         5    N/A
 Swiftness                Chrm/Air       #.......     28%         2    N/A
 Airstrike                Air            ##........   67%         4    N/A
 Static Discharge         Conj/Air       #.......     45%         3    N/A

Dungeon Overview and Level Annotations

Branches:
Dungeon (5/15)
 Temple: D:4-7

Altars:
Cheibriados
Gozag
Makhleb

Annotations:
D:3 Natasha
D:4 Blork the orc


Innate Abilities, Weirdness & Mutations

You do not eat or drink.
Your flesh is vulnerable to fire.
You are immune to poison.
Your flesh is cold resistant. (rC+)
You are immune to negative energy. (rN+++)
You are immune to unholy pain and torment.
You can survive without breathing.


Message History

Aim: a worker ant You shoot a stone.
The stone barely misses the worker ant.
The worker ant bites you but does no damage.
A worker ant is nearby!
Firing (i - inventory)
c - 30 stones (quivered)
Press: ? - help, Shift-Dir - straight line, f/p - worker ant
Aim: a worker ant You shoot a stone.
The stone hits the worker ant.
The worker ant is moderately wounded.
The worker ant bites you.
A worker ant is nearby!
Firing (i - inventory)
c - 29 stones (quivered)
Press: ? - help, Shift-Dir - straight line, f/p - worker ant
Aim: a worker ant (moderately wounded)
You shoot a stone.
The stone closely misses the worker ant.
The worker ant closely misses you. The worker ant barely misses you.
A worker ant is nearby!
Firing (i - inventory)
c - 28 stones (quivered)
Press: ? - help, Shift-Dir - straight line, f/p - worker ant
Aim: a worker ant (moderately wounded)
You shoot a stone. The stone hits the worker ant.
The worker ant is moderately wounded.
The worker ant bites you.
Firing (i - inventory)
c - 27 stones (quivered)
Press: ? - help, Shift-Dir - straight line, f/p - worker ant
Aim: a worker ant (moderately wounded)
You shoot a stone. The stone hits the worker ant.
The worker ant is severely wounded.
The worker ant barely misses you. x2
Firing (i - inventory)
c - 26 stones (quivered)
Press: ? - help, Shift-Dir - straight line, f/p - worker ant
Aim: a worker ant (severely wounded)
You shoot a stone. The stone barely misses the worker ant.
The worker ant bites you.
* * * LOW HITPOINT WARNING * * *
Firing (i - inventory)
c - 25 stones (quivered)
Press: ? - help, Shift-Dir - straight line, f/p - worker ant
Aim: a worker ant (severely wounded)
You shoot a stone.
The stone closely misses the worker ant.
The worker ant bites you.
* * * LOW HITPOINT WARNING * * *
Firing (i - inventory)
c - 24 stones (quivered)
Press: ? - help, Shift-Dir - straight line, f/p - worker ant
Aim: a worker ant (severely wounded)
You shoot a stone. The stone hits the worker ant.
The worker ant is almost dead.
The worker ant bites you.
* * * LOW HITPOINT WARNING * * *
The worker ant bites you.
* * * LOW HITPOINT WARNING * * *
You are too injured to fight recklessly!
You are too injured to fight recklessly!
You are too injured to fight recklessly!
You are too injured to fight recklessly!
Firing (i - inventory)
c - 23 stones (quivered)
Press: ? - help, Shift-Dir - straight line, f/p - worker ant
Aim: a worker ant (almost dead)
You shoot a stone.
The stone hits the worker ant but does no damage.
The worker ant is almost dead.
The worker ant bites you!
You die...

##.#.#
####....#
#....#..#
#.##....#
# ####.#
#.# #.#
###.###
#...@.#
#.###a#
#. (.. #
.#(# .#.#
## #


You could see a worker ant.

Vanquished Creatures
  2 adders (D:3)
  An ooze (D:3)
  A worm (D:3)
  An orc (D:3)
  A giant cockroach (D:3)
  2 hobgoblins
  2 jackals
  4 kobolds
  2 quokkas
  A ball python (D:4)
  A frilled lizard (D:4)
  A rat (D:2)
19 creatures vanquished.

Notes
Turn   | Place    | Note
-------+----------+-------------------------------------------
     0 | D:1      | Amnesiac the Mummy Air Elementalist began the quest for the Orb.
     0 | D:1      | Reached XP level 1. HP: 13/13 MP: 4/4
   372 | D:2      | Reached XP level 2. HP: 19/19 MP: 5/5
   576 | D:4      | Noticed Blork the orc
   587 | D:3      | Found an opulent altar of Gozag.
   855 | D:3      | Reached XP level 3. HP: 24/24 MP: 7/7
   939 | D:3      | Noticed Natasha
   959 | D:4      | Found a burning altar of Makhleb.
  1005 | D:5      | Entered Level 5 of the Dungeon
  1046 | D:4      | Found a snail-covered altar of Cheibriados.
  1108 | D:4      | Slain by a worker ant

Vault maps used:
D:1:      minmay_arrival_widening_spiral_wide
D:2:      first_ration, st_stairs_3, minmay_misc_feat_room, uniq_sigmund,
          uniq_jessica, uniq_robin
D:3:      grunt_gozag_statues, uniq_natasha
D:4:      old_standard_altar, cheibriados_altar_1, kennysheep_little_box,
          minmay_misc_feat_cross, uniq_blork_the_orc
D:5:      abandoned_shop, grunt_ministairs_12

Skill      XL: |  1  2 |
---------------+-------+-----
Spellcasting   | 3 |  3.4
Air Magic      | 3 |  3.4
Dodging        | |  1.5
Stealth        | |  1.5
Conjurations   | |  0.7

Action                   || total
-------------------------++-------
 Fire: Hunting sling     ||    81
  Use: Scroll            ||     1
Armor: Robe              ||     2
       Ring mail         ||     6
Dodge: Dodged            ||    35

Table legend:
 A = Spawn XP
 B = Non-spawn XP
 C = Spawn XP percentage of total XP
 D = Spawn monster count
 E = Non-spawn monster count
 F = Spawn count percentage of total count
 G = Total turns spent on level
                    A         B        C        D         E        F      G
               +---------+---------+-------+---------+---------+-------+---------
         Total |       0 |      63 |   0.0 |       0 |      19 |   0.0 |  1108
               +---------+---------+-------+---------+---------+-------+---------
           D:1 |       0 |       4 |   0.0 |       0 |       2 |   0.0 |   281
           D:2 |       0 |       9 |   0.0 |       0 |       6 |   0.0 |    95
           D:3 |       0 |      47 |   0.0 |       0 |       8 |   0.0 |   567
           D:4 |       0 |       3 |   0.0 |       0 |       3 |   0.0 |   163
               +---------+---------+-------+---------+---------+-------+---------
